AoeStats
← MatzeAoE

Black Forest

505642451Analyzed
1v1 RM · 22d ago on Sep 10, 2026· 39m 51s· 2 players
Game mode
Random Map
Map size
Tiny (2 player)
Population
200
Speed
Normal
Resources
Standard
Victory
Conquest
Starting age
Dark Age
Ending age
Imperial Age
RankedLock teamsTeams togetherTeam positionsShared explorationLock speedFull tech treeHidden civsTurbo modeCheats
Victory
Defeat
🇩🇪 Georgians · Germany
2182
+10
🇫🇷 Chinese · France
2047
-10
Riut
0:25 Loom
11:41 Feudal Age
13:17 Double-Bit Axe
15:47 Castle Age
16:36 Fletching
17:52 Fletching
18:28 Town Watch
20:04 Bodkin Arrow
23:35 Padded Archer Armor
36:15 Imperial Age
34:33 Gold Mining
35:17 Scale Mail Armor
36:25 Chain Mail Armor
37:52 Plate Mail Armor
39:02 Squires
MatzeAoE
10:07 Feudal Age
14:04 Castle Age
12:41 Double-Bit Axe
12:41 Horse Collar
15:04 Bow Saw
23:20 Fletching
23:37 Loom
25:34 Town Watch
26:55 Heavy Plow
28:13 Bodkin Arrow
29:02 Padded Archer Armor
29:24 Ballistics
29:46 Wheelbarrow
29:26 Fervor
29:58 Leather Archer Armor
30:07 Elite Skirmisher
36:46 Imperial Age
35:46 Hand Cart
36:13 Sanctity
36:12 Stone Mining
36:12 Gold Mining
37:51 Conscription
37:42 Masonry
36:59 Onager
38:37 Bracer
38:48 Light Cavalry
Connection lost

Rejoining the realm…

Still unreachable

The connection could not be restored.

Session expired

The server has moved on; the page needs a fresh start.